 Dungeon Crawl Stone Soup version 0.30-a0-802-gb92711bcdf (webtiles) character file.

Game seed: 2431040036432841021

5727 jasper the Skirmisher (level 10, -2/71 HPs)
             Began as a Demonspawn Cinder Acolyte on Feb 24, 2023.
             Was an Initiate of Ignis.
             Slain by a wyvern (14 damage)
             ... on level 9 of the Dungeon.
             The game lasted 00:22:41 (11092 turns).

jasper the Skirmisher (Demonspawn Cinder Acolyte)  Turns: 11092, Time: 00:22:42

Health: -2/71      AC: 10    Str: 17    XL:     10   Next: 48%
Magic:  20/20      EV:  9    Int: 21    God:    Ignis [......]
Gold:   526        SH:  0    Dex: 11    Spells: 7/11 levels left

rFire   + . .      SeeInvis .    w - +1 shortbow (heavy)
rCold   . . .      Faith    .    (shield currently unavailable)
rNeg    . . .      Spirit   .    h - +0 scale mail
rPois   .          Reflect  .    e - +0 helmet
rElec   .          Harm     .    (no cloak)
rCorr   .          Rampage  .    F - +0 pair of gloves
Will    .....                    u - +0 pair of boots Stlth
                                 (no amulet)
HPRegen 0.31/turn                G - +6 ring of intelligence
MPRegen 0.17/turn                x - ring of magical power

@: mighty, lethally poisoned (-2 -> -9)
A: demonic guardian 1, powered by pain 1, demonic touch 1
a: Renounce Religion, Rising Flame


You were on level 9 of the Dungeon.
You worshipped Ignis.
Ignis was noncommittal.
You visited 1 branch of the dungeon, and saw 10 of its levels.

You collected 526 gold pieces.

Inventory:

Hand Weapons
 a - a -1 spear of flaming
 j - a +0 sling
 n - a +2 dagger of venom
 w - a +1 heavy shortbow (weapon)
Missiles
 d - 58 stones
 B - a curare-tipped dart
Armour
 b - a +0 robe
 c - a +0 leather armour
 e - a +0 helmet (worn)
 h - a +0 scale mail (worn)
 u - a +0 pair of boots (worn)
 F - a +0 pair of gloves (worn)
Jewellery
 p - a +6 ring of strength
 x - a ring of magical power (right hand)
 A - a ring of fire
 G - a +6 ring of intelligence (left hand)
 I - a ring of ice
Wands
 E - a wand of roots (7)
Scrolls
 q - 2 scrolls of fog
 r - 3 scrolls of amnesia
 y - 3 scrolls of magic mapping
 H - a scroll of silence {unknown}
Potions
 g - 3 potions of curing
 i - 2 potions of degeneration
 k - a potion of invisibility
 l - 3 potions of berserk rage
 m - 2 potions of mutation
 o - 2 potions of brilliance
 s - a potion of magic {unknown}
 t - 4 potions of might {unknown}
 v - a potion of resistance {unknown}
 z - a potion of lignification {unknown}
 D - 2 potions of flight {unknown}


   Skills:
 - Level 4.0 Fighting
 - Level 2.6 Polearms
 * Level 13.7 Ranged Weapons
 - Level 3.0 Armour
 - Level 0.4 Dodging
 - Level 1.0 Spellcasting
 - Level 2.6 Fire Magic


You had 7 spell levels left.
You knew the following spells:

 Your Spells              Type           Power      Damage    Failure   Level
a - Blink                 Tloc           2%         N/A       63%         2
b - Passwall              Tmut/Erth      0%         N/A       63%         2

Your spell library contained the following spells:

 Spells                   Type           Power      Damage    Failure   Level
 Scorch                   Fire           24%        2d6       26%         2
 Freeze                   Ice            4%         1d3       47%         1
 Necrotise                Necr           4%         1d4       47%         1
 Ensorcelled Hibernation  Hex/Ice        2%         N/A       63%         2
 Lesser Beckoning         Tloc           2%         N/A       63%         2
 Momentum Strike          Conj/Tloc      2%         3d8       63%         2
 Frozen Ramparts          Ice            2%         1d1       85%         3
 Hailstorm                Conj/Ice       1%         3d3       85%         3
 Summon Guardian Golem    Hex/Summ       1%         N/A       85%         3
 Swiftness                Air            1%         N/A       85%         3
 Vampiric Draining        Necr           1%         2d6       85%         3
 Agony                    Necr           1%         N/A       100%        5
 Orb of Destruction       Conj           0%         9d5       100%        7
 Spellforged Servitor     Conj/Summ      0%         N/A       100%        7


Dungeon Overview and Level Annotations

Branches:
Dungeon (10/15)            Temple (0/1) D:6
   Lair: D:8-11         Orc: D:9-12

Altars:
Ashenzari
Okawaru

Shops:
D:3 (


Innate Abilities, Weirdness & Mutations

A weak demonic guardian rushes to your aid.
You sometimes gain a little power by taking damage.
Your touch may inflict minor irresistible damage on your foes.


Message History

Fire: w) +1 shortbow (heavy)
Press: ? - help, Q - select action, (/) - cycle Shift-Dir - straight line, f/p - wyvern
Aim: a wyvern (heavily wounded, 66% to hit)
You shoot an arrow. The arrow hits the wyvern!
The wyvern is almost dead.
The killer bee closely misses you. The killer bee stings you.
The wyvern closely misses you. The killer bee closely misses you.
The wyvern bites you but does no damage.
You take 2 damage, and have 28/71 hp.
Fire: w) +1 shortbow (heavy)
Press: ? - help, Q - select action, (/) - cycle Shift-Dir - straight line, f/p - wyvern
Aim: a wyvern (almost dead, 66% to hit)
You shoot an arrow. The arrow barely misses the wyvern.
The killer bee stings you but does no damage.
The wyvern barely misses you.
The killer bee stings you but does no damage.
The wyvern bites you but does no damage.
The killer bee stings you!
You take 6 damage, and have 22/71 hp.
Fire: w) +1 shortbow (heavy)
Press: ? - help, Q - select action, (/) - cycle Shift-Dir - straight line, f/p - wyvern
Aim: a wyvern (almost dead, 66% to hit)
You shoot an arrow. The arrow hits the wyvern.
The wyvern is almost dead.
The killer bee stings you but does no damage.
The wyvern barely misses you. The killer bee misses you.
The wyvern barely misses you.
The killer bee stings you but does no damage.
Fire: w) +1 shortbow (heavy)
Press: ? - help, Q - select action, (/) - cycle Shift-Dir - straight line, f/p - wyvern
Aim: a wyvern (almost dead, 66% to hit)
You shoot an arrow. The arrow barely misses the wyvern.
The killer bee barely misses you. The wyvern bites you!
* * * LOW HITPOINT WARNING * * *
The killer bee stings you.
* * * LOW HITPOINT WARNING * * *
A demonic guardian appears!
You are poisoned.
The killer bee poisons you! The wyvern bites you!
You die...

#####.#####........# .
......######.......# ..
.#####.........###.##+## ...
#......†..........# ....
#..........##.....# ..(..
#..........##.....#†.....
#..........4......†......
#.........#y#.#####......
............#@l............
#######+####+#################
......#.# #####.#.# #.#.#
#####.#.# ......#'####+##
#..............# ...
#..............# ...


You could see a wyvern, a killer bee (ally target) and a friendly rust devil
(summoned).

Vanquished Creatures
  Pikel (D:5)
  A gargoyle (D:8)
  A hornet (D:9)
  Prince Ribbit (D:6)
  Grinder (D:3)
  Sigmund (D:5)
  3 wyverns
  Edmund (D:5)
  2 water moccasins
  A black bear (D:8)
  An orc warrior (D:9)
  3 sky beasts
  2 ice beasts
  2 ogres (D:6)
  3 centaurs
  A lemure (D:5)
  3 phantoms
  A kobold brigand (D:7)
  A gnoll sergeant (D:7)
  2 scorpions
  A necrophage (D:7)
  2 bullfrogs
  7 wights
  11 killer bees
  3 howler monkeys
  A gnoll bouda (D:5)
  3 hounds
  A quasit (D:8)
  An orc priest (D:9)
  Jessica (D:3)
  3 iguanas
  3 orc wizards
  Robin (D:3)
  11 gnolls
  7 adders
  A white imp (D:5)
  2 worms
  A dart slug (D:3)
  18 orcs
  8 endoplasms
  4 giant cockroaches
  15 hobgoblins
  7 jackals
  4 quokkas
  8 ball pythons
  3 bats
  A frilled lizard (D:2)
  16 goblins
  A goblin skeleton (D:8)
  A goblin zombie (D:8)
  4 hobgoblin zombies (D:8)
  10 kobolds
  3 kobold skeletons (D:8)
  A kobold zombie (D:8)
  An orc skeleton (D:8)
  An orc zombie (D:8)
  6 rats
204 creatures vanquished.

Vanquished Creatures (collateral kills)
  Blork the orc (D:6)
  A wight (D:7)
2 creatures vanquished.

Vanquished Creatures (others)
  A jelly (D:6)
  95 foxfires
  A fungus (D:10)
  5 plants (D:10)
102 creatures vanquished.

Grand Total: 308 creatures vanquished

Notes
Turn   | Place    | Note
-------+----------+-------------------------------------------
     0 | D:1      | jasper the Demonspawn Cinder Acolyte began the quest for
                  | the Orb.
     0 | D:1      | Reached XP level 1. HP: 18/18 MP: 2/2
   215 | D:1      | Gained mutation: You sometimes gain a little power by
                  | taking damage. [demonic ancestry]
   215 | D:1      | Reached XP level 2. HP: 24/24 MP: 3/3
  1269 | D:2      | Gained mutation: Your touch may inflict minor irresistible
                  | damage on your foes. [demonic ancestry]
  1269 | D:2      | Reached XP level 3. HP: 30/30 MP: 4/4
  1660 | D:2      | Reached skill level 1 in Armour
  2162 | D:3      | Noticed Robin
  2169 | D:2      | Reached skill level 1 in Ranged Weapons
  2208 | D:3      | Found Taulaz's Weapon Shop.
  2385 | D:3      | Reached XP level 4. HP: 37/37 MP: 5/5
  2450 | D:3      | Killed Robin
  2570 | D:3      | Noticed Grinder
  2570 | D:3      | Paralysed by Grinder for 2 turns
  2581 | D:3      | Killed Grinder
  2582 | D:3      | Reached skill level 3 in Ranged Weapons
  2582 | D:3      | Reached XP level 5. HP: 39/42 MP: 6/6
  2582 | D:3      | Reached XP level 6. HP: 45/48 MP: 7/7
  2775 | D:3      | Noticed Jessica
  2801 | D:3      | Killed Jessica
  2865 | D:3      | Reached skill level 4 in Ranged Weapons
  2954 | D:3      | Identified the +0 mace of False Accusations {antimagic,
                  | +Blink Fly rPois Str-2}
  4196 | D:4      | Reached skill level 5 in Ranged Weapons
  4233 | D:5      | Entered Level 5 of the Dungeon
  4249 | D:5      | Reached XP level 7. HP: 51/54 MP: 8/8
  4494 | D:5      | Reached skill level 6 in Ranged Weapons
  4681 | D:5      | Noticed Edmund
  4706 | D:5      | Killed Edmund
  5273 | D:5      | Reached skill level 7 in Ranged Weapons
  5298 | D:5      | Noticed Sigmund
  5310 | D:5      | Killed Sigmund
  5311 | D:5      | Gained mutation: A weak demonic guardian rushes to your
                  | aid. [demonic ancestry]
  5311 | D:5      | Reached XP level 8. HP: 35/60 MP: 9/9
  5493 | D:5      | Noticed Pikel
  5507 | D:5      | Killed Pikel
  5508 | D:5      | Reached skill level 9 in Ranged Weapons
  6614 | D:6      | Reached skill level 10 in Ranged Weapons
  6614 | D:6      | Reached XP level 9. HP: 29/65 MP: 10/10
  6739 | D:6      | Found a staircase to the Ecumenical Temple.
  6957 | D:6      | Noticed Prince Ribbit
  6970 | D:6      | Killed Prince Ribbit
  7074 | D:6      | Found an iron altar of Okawaru.
  7199 | D:6      | Noticed Blork the orc
  7208 | D:6      | Killed Blork the orc
  7463 | D:6      | Reached skill level 11 in Ranged Weapons
  8448 | D:7      | Reached skill level 12 in Ranged Weapons
  8836 | D:7      | Reached XP level 10. HP: 69/71 MP: 11/11
  9456 | D:8      | Found a broken altar of Ashenzari.
  9593 | D:8      | Noticed a gargoyle
  9607 | D:8      | Killed a gargoyle
  9714 | D:8      | Reached skill level 13 in Ranged Weapons
  9938 | D:8      | Learned a level 2 spell: Blink
  9941 | D:8      | Learned a level 2 spell: Passwall
 11058 | D:10     | Entered Level 10 of the Dungeon
 11084 | D:9      | HP: 2/71 [wyvern (3)]
 11092 | D:9      | Slain by a wyvern

Illustrated notes

Levels and vault maps discovered:
D:1:      lightli_arrival_quake, layout_basic
D:2:      layout_basic, chequers_serial_rivers_large_b
D:3:      layout_rooms, serial_shops, nicolae_shop_bloodbath_and_beyond,
          uniq_robin, uniq_jessica, uniq_grinder
D:4:      layout_gridville
D:5:      layout_basic, uniq_edmund, uniq_sigmund, uniq_pikel
D:6:      layout_cave_pools, kennysheep_okawaru_gauntlet,
          minmay_temple_entry_glass, uniq_prince_ribbit1, uniq_blork_the_orc
D:7:      layout_cave_pools
D:8:      layout_loops_corners, kennysheep_mini, nicolae_tso_besieged_by_evil
D:9:      layout_basic, nicolae_yredelemnul_ghost_church
D:10:     layout_irregular_city, nzn_wu_jian_contemplation,
          minmay_lair_entry_grove, david_orc_3, hangedman_decor_points,
          nicolae_figureground_sparkle, uniq_snorg

Skill      XL: |  1  2  3  4  5  6  7  8  9 10 |
---------------+-------------------------------+-----
Fighting       | 4 |  4.0
Armour         | 1 2 3 |  3.0
Ranged Weapons | 1 3 5 7 10 12 13 | 13.7
Polearms       | |  2.6
Dodging        | |  0.4
Spellcasting   | |  1.0
Fire Magic     | |  2.6

Action                     |  1- 3 |  4- 6 |  7- 9 | 10-12 || total
---------------------------+-------+-------+-------+-------++-------
  Melee: Spear             |   125 |    52 |       |       ||   177
         Touch             |     7 |    13 |    10 |       ||    30
         Dagger            |       |    20 |    74 |       ||    94
   Fire: Sling             |     9 |   151 |    78 |       ||   238
         Shortbow          |       |       |   210 |   139 ||   349
  Throw: Stone             |     3 |     3 |       |       ||     6
 Invoke: Foxfire Swarm     |       |     5 |     3 |       ||     8
         Fiery Armour      |       |     1 |       |       ||     1
  Evoke: Wand              |       |       |     9 |     3 ||    12
    Use: Scroll            |     8 |     3 |     4 |     2 ||    17
         Potion            |       |       |     2 |     4 ||     6
 Armour: Scale mail        |    27 |    75 |   126 |    47 ||   275
  Dodge: Dodged            |    41 |    83 |   159 |    63 ||   346

Table legend: (Time is in decaauts)
 A = Elapsed time spent in this place.
 B = Non-inter-level travel time spent in this place.
 C = Inter-level travel time spent in this place.
 D = Time resting spent in this place.
 E = Time spent auto-exploring this place.
 F = Levels seen in this place.
 G = Mean time per level.
                   A        B        C        D        E       F      G
               +--------+--------+--------+--------+--------+-----+--------+
         Total |  11378 |  10927 |    451 |   2251 |   6731 |  10 | 1137.8 |
       Dungeon |  11378 |  10927 |    451 |   2251 |   6731 |  10 | 1137.8 |
               +--------+--------+--------+--------+--------+-----+--------+

Top non-repeatable levels by time:
     D:5: 2290 daAuts
     D:6: 1755 daAuts
     D:8: 1366 daAuts
     D:2: 1351 daAuts
     D:1: 1142 daAuts
     D:7: 1020 daAuts
     D:4: 966 daAuts
     D:3: 848 daAuts
     D:9: 609 daAuts
    D:10: 28 daAuts
